 Dungeon Crawl Stone Soup version 0.26.0-16-gc1dbca0489 (webtiles) character file.

Game seed: 5728561916035532824

0 EnegeticOcto the Stinger (level 1, 0/14 HPs)
             Began as a Ghoul Venom Mage on Jan 20, 2021.
             Slain by a bat (1 damage)
             ... on level 1 of the Dungeon.
             The game lasted 00:00:07 (49 turns).

EnegeticOcto the Stinger (Ghoul Venom Mage)           Turns: 49, Time: 00:00:07

Health: 0/14       AC:  2    Str: 11    XL:     1   Next: 0%
Magic:  2/2        EV: 12    Int: 10    God:
Gold:   0          SH:  0    Dex:  9    Spells: 2/3 levels left

rFire    . . .     SeeInvis .   (no weapon)
rCold    + . .     Faith    .   (no shield)
rNeg     + + +     Spirit   .   a - +0 robe
rPois    ∞         Reflect  .   (no helmet)
rElec    .         Harm     .   (no cloak)
rCorr    .         Rampage  .   (no gloves)
Will     .....                  (no boots)
Stlth    ++........             (no amulet)
HPRegen  0.00/turn              (no ring)
MPRegen  0.08/turn              (no ring)

@: no status effects
A: claws 1, cold resistance 1, negative energy resistance 3, inhibited
regeneration, torment resistance, unbreathing
a: no special abilities


You were on level 1 of the Dungeon.
You visited 1 branch of the dungeon, and saw 1 of its levels.

Inventory:

Armour
 a - a +0 robe (worn)


   Skills:
 + Level 0.0 Fighting
 - Level 1.7 Dodging
 - Level 2.1 Stealth
 * Level 0.0 Unarmed Combat
 - Level 1.7 Spellcasting
 - Level 0.8 Transmutations
 - Level 3.0 Poison Magic


You had 2 spell levels left.
You knew the following spells:

 Your Spells              Type           Power        Failure   Level
a - Sting                 Tmut/Pois      16%          14%         1

Your spell library contained the following spells:

 Spells                   Type           Power        Failure   Level
 Poisonous Vapours        Pois/Air       6%           26%         2
 Ignite Poison            Fire/Tmut/Pois 3%           50%         3
 Mephitic Cloud           Conj/Pois/Air  2%           54%         3
 Olgreb's Toxic Radiance  Pois           6%           67%         4


Dungeon Overview and Level Annotations

Branches:
Dungeon (1/15)

Altars:


Innate Abilities, Weirdness & Mutations

You thrive by killing the living.
You are immune to poison.
You have sharp fingernails.
Your flesh is cold resistant. (rC+)
You are immune to negative energy. (rN+++)
You do not regenerate when monsters are visible.
You are immune to unholy pain and torment.
You can survive without breathing.


Message History

Welcome, EnegeticOcto the Ghoul Venom Mage.
It is said that the Orb of Zot exists deep within this dungeon.
Press ? for a list of commands and other information.
Found a staircase leading out of the dungeon.
You open the door.
There is an open door here.
You open the door.
There is an open door here.
Found a stone staircase leading down.
Found a chain mail.
Found 26 stones.
A kobold comes into view. It is wielding a +0 dagger.
Found a hand axe.
A kobold is nearby!
A kobold is nearby!
Found 15 gold pieces.
Found a scroll labelled JIODEE MOLUP.
You see here a chain mail.
The kobold shouts!
The kobold throws a stone.
The stone closely misses you.
A bat comes into view.
The kobold hits you with a +0 dagger.
You scratch the kobold.
The kobold is moderately wounded.
The kobold barely misses you.
You scratch the kobold.
The kobold is severely wounded.
The bat barely misses you. The kobold misses you.
You scratch the kobold but do no damage.
The kobold is severely wounded.
The bat barely misses you. The bat hits you but does no damage.
The kobold barely misses you.
You closely miss the kobold.
The kobold is severely wounded.
The bat hits you but does no damage. The kobold hits you but does no damage.
You scratch the kobold but do no damage.
The kobold is severely wounded.
The bat hits you but does no damage. The kobold hits you with a +0 dagger.
You are too injured to fight recklessly!
You are too injured to fight recklessly!
You are too injured to fight recklessly!
You are too injured to fight recklessly!
You are too injured to fight recklessly!
You are too injured to fight recklessly!
You are too injured to fight recklessly!
You are too injured to fight recklessly!
You are too injured to fight recklessly!
You are too injured to fight recklessly!
You are too injured to fight recklessly!
You are too injured to fight recklessly!
You closely miss the kobold.
The kobold is severely wounded.
The bat hits you. The kobold hits you but does no damage.
You closely miss the kobold.
The kobold is severely wounded.
The bat hits you but does no damage. The kobold hits you but does no damage.
You miss the kobold.
The kobold is severely wounded.
The bat hits you. The kobold hits you with a +0 dagger.
* * * LOW HITPOINT WARNING * * *
You closely miss the kobold.
The kobold is severely wounded.
The bat barely misses you. The kobold closely misses you.
You completely miss the kobold.
The kobold is severely wounded.
The bat hits you but does no damage. The kobold hits you with a +0 dagger.
* * * LOW HITPOINT WARNING * * *
You scratch the kobold.
You kill the kobold!
The bat hits you.
You die...

#.#.#.# #####.#.#.##
#.### .# .....>......
.... ...
......#.######.### ...
#####.#.#......... #.# #
#...##.#.... ...
######..#....#.###.#
.....#.......#(#...#.#
####.#.##.....[.@)...#
#..#.#.#...#.#.#b)......
'<.+.#.#...#.#.#.....?..
#..#.#.#.(.#.#.#.#######
####.#............
.....###...#.##...
###### #...#.# ....
.....$......


You could see a bat.

Vanquished Creatures
  A kobold (D:1)
1 creature vanquished.

Notes
Turn   | Place    | Note
-------+----------+-------------------------------------------
     0 | D:1      | EnegeticOcto the Ghoul Venom Mage began the quest for the
                  | Orb.
     0 | D:1      | Reached XP level 1. HP: 14/14 MP: 2/2
    49 | D:1      | Slain by a bat

Illustrated notes

Levels and vault maps discovered:
D:1:      ncdulo_smallfort, layout_basic

Action                   || total
-------------------------++-------
Melee: Unarmed           ||    11
Armor: Robe              ||     6
Dodge: Dodged            ||     8
